 Dungeon Crawl Stone Soup version 0.31-a0-208-gdb31a4691d (webtiles) character file.

Game seed: 15572367762176708503

340 Angani the Trooper (level 6, -2/48 HPs)
             Began as a Human Wanderer on June 28, 2023.
             Slain by an iguana (8 damage)
             ... on level 4 of the Dungeon.
             The game lasted 00:07:13 (2626 turns).

Angani the Trooper (Human Wanderer)                 Turns: 2626, Time: 00:07:13

Health: -2/48      AC: 12    Str: 14    XL:     6   Next: 87%
Magic:  9/9        EV:  3    Int: 13    God:
Gold:   116        SH:  6    Dex: 12    Spells: 8/9 levels left

rFire   . . .        h - +0 whip
rCold   . . .        e - +2 buckler
rNeg    + + .        f - +0 plate armour
rPois   +            (no helmet)
rElec   .            m - +0 cloak of the Harp {rPois rN++}
rCorr   .            (no gloves)
SInv    .            (no boots)
Will    .....        (no amulet) Stlth
                     g - +4 ring of slaying
HPRegen 0.28/turn    (no ring)
MPRegen 0.11/turn

%: no passive effects
@: no status effects
A: no striking features
a: no special abilities


You were on level 4 of the Dungeon.
You visited 1 branch of the dungeon, and saw 4 of its levels.

You collected 116 gold pieces.

Inventory:

Hand Weapons
 h - a +0 whip (weapon)
Armour
 e - a +2 buckler (worn)
 f - a +0 plate armour (worn)
 m - the +0 cloak of the Harp (worn) {rPois rN++}
   (You found it on level 3 of the Dungeon)

   rPois:     It protects you from poison.
   rN:        It greatly protects you from negative energy.
Jewellery
 g - a +4 ring of slaying (left hand)
Scrolls
 a - 4 scrolls of identify {unknown}
 d - 2 scrolls of teleportation {unknown}
 j - a scroll of torment {unknown}
 o - a scroll of vulnerability {unknown}
Potions
 b - a potion of mutation {unknown}
 c - a potion of berserk rage
 i - a potion of enlightenment {unknown}
 k - 3 potions of curing {unknown}
 l - a potion of resistance {unknown}
 n - 2 potions of haste {unknown}


   Skills:
 + Level 3.7 Fighting
 + Level 3.5 Maces & Flails
 + Level 3.6 Armour
 - Level 1.0 Stealth
 - Level 3.0 Shields
 - Level 2.0 Spellcasting
 - Level 1.0 Transmutations
 - Level 1.0 Evocations


You had 8 spell levels left.
You knew the following spells:

 Your Spells              Type           Power      Damage    Failure   Level
a - Sting                 Tmut/Pois      8%         1d3       100%        1

Your spell library contained the following spells:

 Spells                   Type           Power      Damage    Failure   Level
 Ozocubu's Armour         Ice            1%         N/A       100%        3
 Spider Form              Tmut/Pois      2%         N/A       100%        3
 Ozocubu's Refrigeration  Ice            0%         4d7       100%        7


Dungeon Overview and Level Annotations

Branches:
Dungeon (4/15)
 Temple: D:4-7

Altars:

Shops:
D:1 (


Message History

You miss the adder. The adder bites you but does no damage.
You barely miss the adder. The adder bites you but does no damage.
The adder bites you.
You hit the adder.
The adder is heavily wounded.
The adder bites you but does no damage.
You miss the adder.
The adder is heavily wounded.
You block the adder's attack.
You barely miss the adder.
The adder is heavily wounded.
You block the adder's attack. x2
You closely miss the adder.
The adder is heavily wounded.
The adder bites you but does no damage.
You whack the adder!
You kill the adder!
You hit the iguana.
The iguana is moderately wounded.
The iguana bites you!
You barely miss the iguana.
The iguana is moderately wounded.
The iguana barely misses you.
You hit the iguana.
The iguana is heavily wounded.
The iguana bites you but does no damage.
You barely miss the iguana.
The iguana is moderately wounded.
The iguana bites you but does no damage.
You hit the iguana.
The iguana is heavily wounded.
The iguana bites you.
You hit the iguana but do no damage.
The iguana is heavily wounded.
The iguana bites you!
* * * LOW HITPOINT WARNING * * *
You closely miss the iguana.
The iguana is heavily wounded.
The iguana bites you!
You die...

.................##...#
..................[.#
....................#
....................##
...............<.....######
.#...........#######......##
.#.#########...#
######..###### .#.# ###Z####
#........# .#.#
#Kl@.######........# ...#
####.......>.......#
########........# #...†....#
#.<......# ##########


You could see an iguana, an orc zombie and a kobold.

Vanquished Creatures
  A phantom (D:4)
  2 orc priests (D:3)
  An orc wizard (D:3)
  Robin (D:2)
  3 gnolls (D:3)
  5 adders
  2 worms
  7 orcs (D:3)
  7 ball pythons
  7 endoplasms
  4 giant cockroaches
  14 goblins
  7 hobgoblins
  2 jackals (D:2)
  2 kobolds
  3 quokkas
  6 bats
  2 frilled lizards
  8 rats
84 creatures vanquished.

Notes
Turn   | Place    | Note
-------+----------+-------------------------------------------
     0 | D:1      | Angani the Human Wanderer began the quest for the Orb.
     0 | D:1      | Angani set off with the following items: a +0 club, a +0
                  | cloak, a potion of berserk rage, a +0 robe, a +2 buckler;
                  | and the following spell memorised: Sting; and the following
                  | spells available to memorise: Spider Form.
     0 | D:1      | Reached XP level 1. HP: 15/15 MP: 3/3
   112 | D:1      | Reached XP level 2. HP: 21/21 MP: 5/5
   207 | D:1      | Reached skill level 1 in Maces & Flails
   415 | D:1      | Reached XP level 3. HP: 27/27 MP: 6/6
   528 | D:1      | Found Leonuf's Weapon Shoppe.
   647 | D:2      | Reached XP level 4. HP: 33/33 MP: 7/7
   775 | D:2      | Noticed Robin
   834 | D:2      | Killed Robin
  1099 | D:3      | Reached XP level 5. HP: 38/39 MP: 8/8
  1193 | D:3      | Identified the +0 cloak of the Harp {rPois rN++}
  1479 | D:3      | Reached XP level 6. HP: 45/47 MP: 9/9
  2626 | D:4      | Slain by an iguana

Illustrated notes

Levels and vault maps discovered:
D:1:      nzn_arrival_crosshair, layout_rooms, serial_shops,
          nicolae_shop_tiny_real_fake_doors, minmay_tripent
D:2:      layout_basic, grunt_decor_junction, uniq_robin
D:3:      layout_loops_corners, serial_co_window_serial, co_window_paths_a,
          co_window_of_opportunity_a, co_window_paths_b, co_window_paths_a,
          co_window_paths_b, co_window_paths_a, co_window_cross_1,
          co_window_corner_b, co_window_paths_c, co_window_broadway_b,
          co_window_unsneaky_path_e, co_window_broadway_a,
          co_window_of_opportunity_b, co_window_paths_d, co_window_4corner_a,
          glass_columns_a, glass_columns_a, glass_columns_b, glass_columns_a,
          glass_columns_b
D:4:      layout_rooms, nicolae_ossuary_entry_giza

Skill      XL: |  1  2  3  4  5  6 |
---------------+-------------------+-----
Maces & Flails | 1 2 3 |  3.5
Fighting       | 2 3 |  3.7
Armour         | 2 3 |  3.6
Stealth        | |  1.0
Shields        | |  3.0
Spellcasting   | |  2.0
Transmutations | |  1.0
Evocations     | |  1.0

Action                     |  1- 3 |  4- 6 || total
---------------------------+-------+-------++-------
  Melee: Club              |    98 |       ||    98
         Whip              |    33 |   171 ||   204
 Armour: Plate armour      |   151 |   123 ||   274
         Robe              |     1 |       ||     1
  Dodge: Dodged            |    21 |    26 ||    47
  Block: Buckler           |    58 |    55 ||   113

Table legend: (Time is in decaauts)
 A = Elapsed time spent in this place.
 B = Non-inter-level travel time spent in this place.
 C = Inter-level travel time spent in this place.
 D = Time resting spent in this place.
 E = Time spent auto-exploring this place.
 F = Levels seen in this place.
 G = Mean time per level.
                   A        B        C        D        E       F      G
               +--------+--------+--------+--------+--------+-----+--------+
         Total |   2663 |   2587 |     76 |     89 |   1859 |   4 |  665.8 |
       Dungeon |   2663 |   2587 |     76 |     89 |   1859 |   4 |  665.8 |
               +--------+--------+--------+--------+--------+-----+--------+

Top non-repeatable levels by time:
     D:3: 1479 daAuts
     D:1: 616 daAuts
     D:2: 501 daAuts
     D:4: 65 daAuts
